 Dungeon Crawl Stone Soup version 0.30-a0-639-g3916f1956a (webtiles) character file.

Game seed: 2979676325062011983

49703 wormed the Unseen (level 14, -2/94 HPs)
             Began as a Kobold Brigand on Jan 16, 2023.
             Was a Believer of Uskayaw.
             Slain by a catoblepas (4 damage)
             ... while petrified by a catoblepas
             ... on level 5 of the Lair of Beasts.
             The game lasted 00:24:00 (16479 turns).

wormed the Unseen (Kobold Brigand)                 Turns: 16479, Time: 00:24:01

Health: -2/94      AC: 18    Str:  8    XL:     14   Next: 93%
Magic:  23/23      EV:  3    Int: 12    God:    Uskayaw [**....]
Gold:   889        SH:  0    Dex: 22    Spells: 13/13 levels left

rFire   . . .      SeeInvis .    a - +3 dagger (flame)
rCold   . . .      Faith    .    (no shield)
rNeg    + + +      Spirit   .    w - +0 troll leather armour
rPois   ∞          Reflect  .    H - +2 hat
rElec   .          Harm     .    c - +1 cloak
rCorr   .          Rampage  .    C - +0 pair of gloves
Will    +....                    f - +0 pair of boots
Stlth   ++++++++                 (no amulet)
HPRegen 1.15/turn                j - +4 ring of protection
MPRegen 0.18/turn                F - +4 ring of protection

@: petrified
A: small, no large weapons, nightstalker 3
a: Renounce Religion, Stomp, Line Pass


You were on level 5 of the Lair of Beasts.
You worshipped Uskayaw.
Uskayaw was pleased with you.
You visited 3 branches of the dungeon, and saw 17 of its levels.

You collected 889 gold pieces.

Inventory:

Hand Weapons
 a - a +3 dagger of flaming (weapon)
Missiles
 d - 42 poisoned darts
 x - 6 throwing nets
 G - 6 atropa-tipped darts
Armour
 c - a +1 cloak (worn)
 f - a +0 pair of boots (worn)
 w - a +0 troll leather armour (worn)
 C - a +0 pair of gloves (worn)
 H - a +2 hat (worn)
Jewellery
 j - a +4 ring of protection (left hand)
 p - a ring of positive energy
 F - a +4 ring of protection (right hand)
 I - a ring of see invisible
Wands
 b - a wand of charming (20)
 e - a wand of iceblast (18)
 t - a wand of flame (46)
 A - a wand of acid (3) (quivered)
 D - a wand of digging (3)
Scrolls
 i - 5 scrolls of magic mapping
 s - a scroll of fog
 u - 5 scrolls of fear
 y - 5 scrolls of teleportation
 z - 3 scrolls of summoning
 B - 2 scrolls of enchant armour
 E - 3 scrolls of enchant weapon
 K - a scroll of brand weapon
Potions
 g - 4 potions of resistance
 h - a potion of heal wounds
 l - 2 potions of brilliance
 n - 4 potions of curing
 o - 4 potions of berserk rage
 q - 2 potions of flight
 r - 3 potions of invisibility
 v - 2 potions of mutation
 J - a potion of attraction


   Skills:
 + Level 13.5 Fighting
 - Level 10.0 Short Blades
 - Level 2.1 Throwing
 + Level 14.6 Dodging
 + Level 17.8 Stealth
 + Level 12.5 Invocations


You had 13 spell levels left.
You didn't know any spells.
Your spell library contained the following spells:

 Spells                   Type           Power      Damage    Failure   Level
 Necrotise                Necr           0%         1d4       43%         1
 Ensorcelled Hibernation  Hex/Ice        0%         N/A       58%         2
 Lesser Beckoning         Tloc           0%         N/A       58%         2
 Passwall                 Tmut/Erth      0%         N/A       58%         2
 Sublimation of Blood     Necr           0%         N/A       58%         2
 Gell's Gravitas          Tloc           0%         N/A       82%         3
 Swiftness                Air            0%         N/A       82%         3
 Teleport Other           Tloc           0%         N/A       82%         3
 Vampiric Draining        Necr           0%         2d6       82%         3
 Olgreb's Toxic Radiance  Pois           0%         N/A       99%         4
 Passage of Golubria      Tloc           0%         N/A       99%         4
 Petrify                  Tmut/Erth      0%         N/A       99%         4
 Agony                    Necr           0%         N/A       100%        5
 Irradiate                Conj/Tmut      0%         3d11      100%        5
 Silence                  Hex/Air        0%         N/A       100%        5
 Ozocubu's Refrigeration  Ice            0%         4d7       100%        7
 Ignition                 Fire           0%         3d3       100%        8
 Lehudib's Crystal Spear  Conj/Erth      0%         10d2      100%        8


Dungeon Overview and Level Annotations

Branches:
Dungeon (11/15)            Temple (1/1) D:4            Lair (5/5) D:10
 Shoals (0/4) Lair:2        Snake (0/4) Lair:2        Slime (0/5) Lair:5
    Orc (0/2) D:10

Altars:
Ashenzari
Cheibriados
Dithmenos
Elyvilon
Fedhas
Gozag
Hepliaklqana
Kikubaaqudgha
Makhleb
Nemelex Xobeh
Okawaru
Qazlal
Ru
Sif Muna
Trog
Uskayaw
Vehumet
Wu Jian
Xom
Yredelemnul
Zin
The Shining One
Jiyva

Shops:
D:11 !

Annotations:
D:8 1 runed translucent door, wormed's ghost, novice NaBe
D:10 3 runed translucent doors, DeadOnArrival's ghost, journeyman DsFE


Innate Abilities, Weirdness & Mutations

You are small and have problems with some larger weapons.
You are completely attuned to the shadows.


Message History

The catoblepas is almost dead.
The catoblepas barely misses you.
You hit the catoblepas but do no damage.
The catoblepas is almost dead.
You hit the catoblepas but do no damage.
The catoblepas is almost dead.
The catoblepas breathes a plume of calcifying dust at you.
The blast of calcifying dust hits you but does no damage.
You hit the catoblepas but do no damage.
The catoblepas is almost dead.
You are engulfed in calcifying dust.
You are slowing down.
The catoblepas attacks as you move away!
The catoblepas misses you.
The catoblepas breathes a plume of calcifying dust at you.
The blast of calcifying dust hits you!
The catoblepas rams the ground with its head heavily.
Your limbs are stiffening.
You hit the catoblepas. You burn the catoblepas.
The catoblepas is almost dead.
You are engulfed in calcifying dust.
The catoblepas gores you!!
You hit the catoblepas. You burn the catoblepas.
The catoblepas is almost dead.
You are engulfed in calcifying dust.
Your limbs have turned to stone.
The catoblepas gores you.
You have turned to stone.
You are engulfed in calcifying dust.
The catoblepas gores you!!
* * * LOW HITPOINT WARNING * * *
You are engulfed in calcifying dust.
The catoblepas gores you!!
* * * LOW HITPOINT WARNING * * *
The catoblepas breathes a plume of calcifying dust at you.
The blast of calcifying dust hits you.
* * * LOW HITPOINT WARNING * * *
You are engulfed in calcifying dust.
The catoblepas gores you!
* * * LOW HITPOINT WARNING * * *
You are engulfed in calcifying dust.
The catoblepas gores you!
* * * LOW HITPOINT WARNING * * *
You are engulfed in calcifying dust.
The catoblepas gores you!
* * * LOW HITPOINT WARNING * * *
The catoblepas gores you!
You die...

+♣♣♣♣♣ ♣♣♣P♣♣.♣♣ .
♣♣♣.......♣ .. ♣♣♣....♣♣♣(..
♣..♣♣♣ ♣♣...♣♣♣♣ ♣♣♣♣
♣.Y♣♣♣♣♣...♣♣ ♣ ♣♣♣Y@♣♣..♣♣♣
♣♣♣....♣ ♣♣...♣ ♣♣♣♣ ♣♣.♣♣
#..♣♣♣♣ ♣♣♣♣♣♣♣ ♣♣♣♣♣
##....♣♣♣♣♣..♣♣♣♣♣♣♣♣...♣♣♣♣♣
##....♣.......♣♣..♣♣.....♣♣.
##.........................
#.##....................P..


You could see a dire elephant and a catoblepas.

Vanquished Creatures
  Gastronok (Lair:1)
  A dire elephant (Lair:5)
  Fannar (Lair:3)
  2 hydras
  A boulder beetle (Lair:5)
  3 two-headed ogres
  4 death yaks (Lair:4)
  A lindwurm (Lair:5)
  2 oklob plants (Lair:2)
  3 cyclopes (D:11)
  A salamander (Lair:2)
  2 manticores
  An elephant (Lair:5)
  8 black mambas
  21 cane toads
  2 torpor snails
  2 gargoyles (D:10)
  An unseen horror (D:11)
  4 rime drakes
  9 komodo dragons
  3 polar bears
  3 trolls
  A wind drake (Lair:2)
  Prince Ribbit (D:8)
  28 blink frogs
  2 wraiths
  3 wyverns
  63 yaks
  7 spriggans (Lair:1)
  Eustachio (D:6)
  A vampire (D:11)
  2 basilisks (Lair:2)
  An acid dragon (D:10)
  10 water moccasins
  A hell hound (Lair:5)
  2 ice beasts
  6 black bears
  An ogre (D:7)
  5 wolves
  2 centaurs
  A phantom (D:5)
  4 kobold brigands
  2 gnoll sergeants
  2 necrophages (D:6)
  18 bullfrogs
  6 scorpions (D:6)
  8 wights (D:9)
  4 killer bees (D:9)
  A howler monkey (D:9)
  3 lava snakes (Lair:2)
  3 gnoll boudas
  2 hounds (D:5)
  A jelly (D:6)
  Crazy Yiuf (D:6)
  5 orc priests
  2 iguanas
  6 orc wizards
  21 gnolls
  8 adders
  A white imp (D:3)
  An ufetubus (D:5)
  A worm (D:4)
  A dart slug (D:1)
  25 orcs
  7 endoplasms
  4 giant cockroaches
  7 goblins
  9 hobgoblins
  4 jackals (D:2)
  21 kobolds
  8 ball pythons
  9 bats
  3 frilled lizards
  10 rats
422 creatures vanquished.

Vanquished Creatures (others)
  36 fungi
  22 plants
58 creatures vanquished.

Grand Total: 480 creatures vanquished

Notes
Turn   | Place    | Note
-------+----------+-------------------------------------------
     0 | D:1      | wormed the Kobold Brigand began the quest for the Orb.
     0 | D:1      | Reached XP level 1. HP: 12/12 MP: 1/1
    91 | D:1      | Reached XP level 2. HP: 18/18 MP: 2/2
   290 | D:1      | Reached XP level 3. HP: 20/22 MP: 3/3
   932 | D:2      | Reached XP level 4. HP: 27/27 MP: 4/4
  1839 | D:3      | Reached skill level 6 in Stealth
  1902 | D:3      | Reached XP level 5. HP: 32/32 MP: 5/5
  2087 | D:3      | You fall into a shaft and drop 3 floors!
  2097 | D:5      | Entered Level 5 of the Dungeon
  2767 | D:4      | Found a staircase to the Ecumenical Temple.
  2767 | D:4      | Noticed a water moccasin
  2770 | D:4      | Killed a water moccasin
  2771 | D:4      | Reached skill level 5 in Short Blades
  2771 | D:4      | Reached XP level 6. HP: 37/37 MP: 6/6
  2775 | Temple   | Entered the Ecumenical Temple
  3315 | D:4      | Found a shimmering altar of Xom.
  3876 | D:5      | Reached XP level 7. HP: 36/42 MP: 7/7
  4100 | D:5      | Reached skill level 7 in Stealth
  4176 | D:5      | Found a hazy altar of Hepliaklqana.
  4527 | D:5      | Found an opulent altar of Gozag.
  4538 | D:5      | Reached XP level 8. HP: 48/48 MP: 8/8
  4936 | D:6      | Noticed Eustachio
  4940 | D:6      | Killed Eustachio
  4961 | D:6      | Found a runed translucent door.
  4964 | D:6      | Noticed Crazy Yiuf
  5055 | D:6      | Reached skill level 5 in Fighting
  5055 | D:6      | Reached skill level 5 in Dodging
  5055 | D:6      | Reached skill level 8 in Stealth
  5194 | D:6      | Found a stormy altar of Qazlal.
  5303 | D:6      | Reached XP level 9. HP: 49/54 MP: 9/9
  5370 | D:6      | Found the +11 Singing Sword {sonic wave}
  5428 | D:6      | Reached skill level 9 in Stealth
  5658 | D:6      | Killed Crazy Yiuf
  5701 | D:7      | Reached skill level 10 in Short Blades
  6418 | D:8      | Found a runed translucent door.
  6425 | D:8      | Found a blossoming altar of Fedhas.
  6432 | D:8      | Noticed a troll
  6436 | D:8      | Killed a troll
  6591 | D:8      | Reached skill level 10 in Stealth
  6677 | D:8      | Noticed Prince Ribbit
  6691 | D:8      | Killed Prince Ribbit
  6924 | D:8      | Found an ancient bone altar of Kikubaaqudgha.
  7045 | D:8      | Reached XP level 10. HP: 63/63 MP: 10/10
  7081 | D:8      | Found a snail-covered altar of Cheibriados.
  7132 | D:8      | Reached skill level 1 in Invocations
  7193 | D:8      | Noticed wormed's ghost (novice NaBe)
  7940 | D:9      | Identified the +0 leather armour of Ennui {+Inv rF+ Str+4}
  8111 | D:9      | Reached skill level 11 in Stealth
  8163 | D:9      | Found an ornate altar of the Wu Jian Council.
  8246 | D:9      | Identified the +3 short sword of Fegraex {freeze, rC+ Will+
                  | MP+9 Dex-5}
  8541 | D:9      | Noticed a two-headed ogre
  8548 | D:9      | Killed a two-headed ogre
  8549 | D:9      | Reached skill level 5 in Invocations
  8735 | D:10     | Entered Level 10 of the Dungeon
  8824 | D:10     | Reached XP level 11. HP: 36/68 MP: 15/15
  8962 | D:10     | Found a staircase to the Orcish Mines.
  9054 | D:10     | Noticed a +0 falchion
  9054 | D:10     | Noticed a +0 short sword
  9055 | D:10     | Noticed a +0 spear
  9055 | D:10     | Noticed a +0 short sword
  9055 | D:10     | Noticed a +0 dagger
  9056 | D:10     | Noticed a +0 spear
  9067 | D:10     | Found a hide-covered altar of Uskayaw.
  9090 | D:10     | Became a worshipper of Uskayaw the Reveller
  9122 | D:10     | Reached * piety under Uskayaw
  9125 | D:10     | Reached ** piety under Uskayaw
  9126 | D:10     | Reached skill level 12 in Stealth
  9150 | D:10     | Found a staircase to the Lair.
  9151 | D:10     | Reached *** piety under Uskayaw
  9164 | D:10     | Reached **** piety under Uskayaw
  9174 | D:10     | Reached ***** piety under Uskayaw
  9233 | D:10     | Noticed a +0 dagger
  9233 | D:10     | Noticed a +0 falchion
  9359 | D:10     | Found a runed translucent gate.
  9360 | D:10     | Found a runed translucent gate.
  9361 | D:10     | Found a runed translucent gate.
  9362 | D:10     | Noticed DeadOnArrival's ghost (journeyman DsFE)
  9492 | D:10     | Noticed a 12-headed hydra
  9787 | D:11     | Noticed a cyclops
  9811 | D:11     | Killed a cyclops
  9833 | D:11     | Noticed a manticore
  9836 | D:11     | Noticed a cyclops
  9841 | D:11     | Killed a manticore
  9842 | D:11     | Reached skill level 10 in Dodging
  9856 | D:11     | Noticed a cyclops
  9862 | D:11     | Killed a cyclops
  9879 | D:11     | Killed a cyclops
  9879 | D:11     | Reached ****** piety under Uskayaw
  9880 | D:11     | Reached skill level 13 in Stealth
 10209 | D:11     | Noticed a two-headed ogre
 10232 | D:11     | Killed a two-headed ogre
 10419 | D:11     | Found Dovium's Distillery.
 10517 | D:11     | Reached XP level 12. HP: 77/77 MP: 18/18
 10973 | D:11     | Noticed a two-headed ogre
 10993 | D:11     | Reached skill level 10 in Fighting
 10996 | D:11     | Killed a two-headed ogre
 11203 | Lair:1   | Entered Level 1 of the Lair of Beasts
 11401 | D:10     | Reached skill level 14 in Stealth
 11700 | Lair:1   | Noticed Gastronok
 11980 | Lair:1   | Killed Gastronok
 12097 | Lair:1   | Reached XP level 13. HP: 83/84 MP: 20/20
 12145 | Lair:1   | Reached skill level 15 in Stealth
 12268 | Lair:1   | Reached skill level 10 in Invocations
 13252 | Lair:2   | Found a staircase to the Shoals.
 13371 | Lair:2   | Found a staircase to the Snake Pit.
 13377 | Lair:2   | Reached skill level 16 in Stealth
 13847 | Lair:3   | Noticed a seven-headed hydra
 13861 | Lair:3   | Killed a seven-headed hydra
 13904 | Lair:3   | Noticed Fannar
 13978 | Lair:3   | Killed Fannar
 14399 | Lair:4   | Reached XP level 14. HP: 70/92 MP: 22/22
 14784 | Lair:4   | Reached skill level 17 in Stealth
 15620 | Lair:5   | Entered Level 5 of the Lair of Beasts
 15620 | Lair:5   | Found a viscous altar of Jiyva.
 15620 | Lair:5   | Found a staircase to the Slime Pits.
 15715 | Lair:5   | Found a hazy altar of Hepliaklqana.
 16404 | Lair:5   | Noticed a dire elephant
 16408 | Lair:5   | Killed a dire elephant
 16415 | Lair:5   | Noticed a dire elephant
 16478 | Lair:5   | HP: 1/94 [catoblepas (5)]
 16479 | Lair:5   | Slain by a catoblepas

Illustrated notes

Levels and vault maps discovered:
D:1:      spicycebolla_arrival_ecumenical, layout_rooms, st_stairs_13
D:2:      layout_basic, minmay_misc_feat_hallway
D:3:      wander_river, layout_loops_ring
D:4:      layout_loops_ring, mainiacjoe_overflow_paths, temple_green
D:5:      layout_loops_cross, worldfamousw_hep_ancestral_shrine,
          lemuel_doored_altar
D:6:      old_forge, layout_rooms, nicolae_qazlal_scattered_showers,
          uniq_crazy_yiuf_cottage, uniq_eustachio
D:7:      layout_cave_pools
D:8:      layout_loops_corners, mainiacjoe_overflow_alcove_1,
          amcnicky_altar_gilded, fedhas_altar_1, hellmonk_ghost_happy_afterlife,
          uniq_prince_ribbit1
D:9:      layout_loops_cross, pdpol_wu_jian_five_deadly_venoms
D:10:     layout_roguey, nicolae_uskayaw_en_pointe, due_lair_maze_entry_diamond,
          gammafunk_ghost_hydra_chop, small_statue_alley_a
D:11:     kennysheep_six_static_rooms, layout_stronghold, serial_shops,
          nicolae_stop_n_shop_1
Temple:   dshaligram_water_room_temple
Lair:1:   kb_forest_paths, layout_regular_city, chequers_serial_rivers_small_b,
          uniq_gastronok
Lair:2:   minmay_lair_oklob_chamber, layout_chaotic_city,
          minmay_shoals_entry_beasts, nicolae_snake_entry_warm_welcome,
          minivault_23, serial_bayou_shore_b
Lair:3:   layout_hall_layers, uniq_fannar
Lair:4:   layout_hall_layers, wad_woods_river_03, lemuel_fruit_fields,
          grunt_megastairs_1
Lair:5:   evil_forest, layout_small_grid, slime_entry_1, basic_altar

Skill      XL: |  1  2  3  4  5  6  7  8  9 10 11 12 13 14 |
---------------+-------------------------------------------+-----
Short Blades   | 3 4 5 6 7 9 10 | 10.0
Dodging        | 2 3 4 5 7 8 10 11 13 14 | 14.6
Fighting       | 3 4 5 7 8 9 11 12 13 | 13.5
Stealth        | 6 7 8 10 11 13 14 16 17 | 17.8
Invocations    | 5 8 9 11 12 | 12.5
Throwing       | |  2.1

Action                   |  1- 3 |  4- 6 |  7- 9 | 10-12 | 13-15 || total
-------------------------+-------+-------+-------+-------+-------++-------
Melee: Dagger            |    88 |   153 |   243 |   700 |   787 ||  1971
       Punch             |     2 |     3 |     2 |    10 |    12 ||    29
Throw: Dart              |       |    14 |    16 |     2 |       ||    32
       Throwing net      |       |       |       |     7 |       ||     7
Invok: Line Pass         |       |       |       |     2 |     2 ||     4
       Grand Finale      |       |       |       |     1 |     1 ||     2
Evoke: Wand              |       |       |    17 |       |    12 ||    29
  Use: Scroll            |     3 |    12 |     4 |     3 |     4 ||    26
       Potion            |       |       |       |       |     3 ||     3
 Stab: Sleeping          |    19 |    20 |    26 |    40 |    39 ||   144
       Distracted        |       |       |     1 |     1 |     2 ||     4
       Held in net/web   |       |       |       |     3 |       ||     3
       Paralysed         |       |       |       |    12 |    58 ||    70
       Confused          |       |       |       |       |     1 ||     1
Armor: Robe              |     6 |       |       |       |       ||     6
       Leather armour    |    17 |    37 |    49 |       |       ||   103
       Troll leather arm |       |       |     9 |   124 |   115 ||   248
Dodge: Dodged            |    66 |    73 |   179 |   452 |   597 ||  1367

Table legend: (Time is in decaauts)
 A = Elapsed time spent in this place.
 B = Non-inter-level travel time spent in this place.
 C = Inter-level travel time spent in this place.
 D = Time resting spent in this place.
 E = Time spent auto-exploring this place.
 F = Levels seen in this place.
 G = Mean time per level.
                   A        B        C        D        E       F      G
               +--------+--------+--------+--------+--------+-----+--------+
         Total |  15617 |  14858 |    759 |    129 |  11817 |  17 |  918.6 |
       Dungeon |  10780 |  10179 |    601 |    129 |   8154 |  11 |  980.0 |
        Temple |    273 |    252 |     21 |      0 |    238 |   1 |  273.0 |
          Lair |   4563 |   4427 |    136 |      0 |   3425 |   5 |  912.6 |
               +--------+--------+--------+--------+--------+-----+--------+

Top non-repeatable levels by time:
    D:11: 1437 daAuts
     D:8: 1203 daAuts
    D:10: 1164 daAuts
  Lair:1: 1141 daAuts
  Lair:4: 1134 daAuts
     D:5: 1102 daAuts
     D:2: 1027 daAuts
     D:3: 999 daAuts
  Lair:2: 970 daAuts
     D:9: 952 daAuts
     D:6: 945 daAuts
     D:4: 805 daAuts
  Lair:5: 738 daAuts
     D:1: 613 daAuts
  Lair:3: 578 daAuts
